 Dungeon Crawl Stone Soup version 0.31-a0-675-g238779eb0a (webtiles) character file.

Game seed: 13647657618348444806

564 Essalna the Conjurer (level 7, 0/50 HPs)
             Began as a Demonspawn Conjurer on Sept 5, 2023.
             Succumbed to Edmund's poison
             ... on level 5 of the Dungeon.
             The game lasted 00:09:46 (4675 turns).

Essalna the Conjurer (Demonspawn Conjurer)          Turns: 4675, Time: 00:09:46

Health: 0/50       AC:  4    Str:  7    XL:     7   Next: 10%
Magic:  14/14      EV: 14    Int: 21    God:
Gold:   245        SH:  0    Dex: 12    Spells: 8/16 levels left

rFire   + . .        d - +0 spear
rCold   . . .        (no shield)
rNeg    . . .        a - +0 robe
rPois   .            (no helmet)
rElec   .            t - +1 cloak
rCorr   .            (no gloves)
SInv    .            (no boots)
Will    .....        j - amulet of magic regeneration
Stlth   ++           q - ring of protection from fire
HPRegen 0.28/turn    (no ring)
MPRegen 0.54/turn

%: no passive effects
@: mighty, lethally poisoned (0 -> -18)
A: hooves 1, repulsion field 1, powered by pain 1, spiny 1
a: no special abilities


You were on level 5 of the Dungeon.
You visited 1 branch of the dungeon, and saw 5 of its levels.
You also visited: Sewer.

You collected 245 gold pieces.

Inventory:

Hand Weapons
 d - a +0 spear (weapon)
Armour
 a - a +0 robe (worn)
 t - a +1 cloak (worn)
Jewellery
 h - an amulet of guardian spirit
 j - an amulet of magic regeneration (around neck)
 k - a ring of positive energy
 q - a ring of protection from fire (left hand)
 r - an amulet of reflection
Wands
 o - a wand of flame (16)
 w - a wand of roots (8)
Scrolls
 c - 2 scrolls of identify
 l - a scroll of blinking
 m - a scroll of teleportation
 v - a scroll of vulnerability {unknown}
Potions
 b - 2 potions of magic
 e - a potion of resistance {unknown}
 f - a potion of heal wounds {unknown}
 g - a potion of mutation {unknown}
 i - 3 potions of curing
 n - a potion of enlightenment {unknown}
 p - a potion of invisibility {unknown}
 s - a potion of berserk rage {unknown}
 u - a potion of cancellation {unknown}


   Skills:
 + Level 2.1 Fighting
 - Level 1.7 Dodging
 - Level 1.7 Stealth
 + Level 5.0 Spellcasting
 + Level 6.4 Conjurations


You had 8 spell levels left.
You knew the following spells:

 Your Spells              Type           Power      Damage    Failure   Level
a - Magic Dart            Conj           100%       1d8       1%          1
b - Searing Ray           Conj           64%        2d6       1%          2
c - Freezing Cloud        Conj/Ice/Air   7%         6-21      77%         5

Your spell library contained the following spells:

 Spells                   Type           Power      Damage    Failure   Level
 Dazzling Flash           Conj/Hex       36%        N/A       9%          3
 Cigotuvi's Dreadful Rot  Necr/Pois/Air  10%        N/A       16%         2
 Sublimation of Blood     Necr           5%         N/A       16%         2
 Flame Wave               Conj/Fire      18%        2d7       28%         4
 Fulminant Prism          Conj/Hex       9%         3d7       28%         4
 Iskenderun's Mystic Bla  Conj/Tloc      18%        2d6       28%         4
 Sticky Flame             Conj/Fire      18%        2d4       28%         4
 Ignite Poison            Fire/Tmut/Pois 5%         N/A       32%         3
 Inner Flame              Hex/Fire       5%         N/A       32%         3
 Irradiate                Conj/Tmut      9%         3d14      61%         5
 Petrify                  Tmut/Erth      5%         N/A       71%         4


Dungeon Overview and Level Annotations

Branches:
Dungeon (5/15)              Sewer (visited)
 Temple: D:4-7

Altars:

Shops:
D:1 ?

Annotations:
D:5 Edmund


Innate Abilities, Weirdness & Mutations

You have large cloven feet.
You are surrounded by a mild repulsion field. (EV +2)
You sometimes gain a little power by taking damage.
You are partially covered in sharp spines.


Message History

Partly explored, can't reach some places.
Unknown command.
Partly explored, can't reach some places.
Partly explored, can't reach some places.
Partly explored, can't reach some places.
There is a stone staircase leading down here.
You climb downwards.
There is a stone staircase leading up here.
No target in view!
Key pressed, stopping explore.
Key pressed, stopping explore.
You enter the shallow water.
Moving in this stuff is going to be slow.
Edmund the Younger comes into view.
He is wielding a +0 dire flail of venom.
Found a stone staircase leading down.
Edmund is nearby!
Edmund is nearby!
Edmund shouts!
You hear a shout!
Edmund is struck by your spines. Edmund closely misses you.
Edmund is struck by your spines.
Edmund hits you with a +0 dire flail of venom!
You are poisoned.
You feel very sick. Edmund closely misses you.
You feel very sick. Edmund misses you.
You feel sick.
Edmund hits you with a +0 dire flail of venom!
You focus on the pain.
You feel very mighty all of a sudden.
You are lethally poisoned!
* * * LOW HITPOINT WARNING * * *
You feel very sick.
Edmund hits you with a +0 dire flail of venom.
* * * LOW HITPOINT WARNING * * *
You are more poisoned.
* * * LOW HITPOINT WARNING * * *
You feel very sick. Edmund barely misses you.
You die...

..... .....
....#### .......
#....# ###
#....###.#
#...@#≈#.#
#.@#≈#.# ###.~..#
###..~..#######
......~........#
.....##≈#.....#.#
......
#≈#.###.#.#
#.....
#≈#.##<.#.# ....>
###.##.##.# ####.
#.##~##.#


You could see Edmund.

Vanquished Creatures
  2 bullfrogs (Sewer)
  A scorpion (D:4)
  A jelly (D:4)
  A gnoll bouda (D:4)
  Crazy Yiuf (D:3)
  An iguana (D:4)
  7 gnolls
  6 adders
  A river rat (D:3)
  An ufetubus (D:4)
  A worm (D:2)
  2 dart slugs
  6 bats
  22 endoplasms
  10 giant cockroaches
  5 goblins
  8 hobgoblins
  8 jackals
  10 quokkas
  13 ball pythons
  10 frilled lizards
  6 kobolds
  6 rats
129 creatures vanquished.

Notes
Turn   | Place    | Note
-------+----------+-------------------------------------------
     0 | D:1      | Essalna the Demonspawn Conjurer began the quest for the
                  | Orb.
     0 | D:1      | Reached XP level 1. HP: 13/13 MP: 3/3
   249 | D:1      | Gained mutation: You are surrounded by a mild repulsion
                  | field. (EV +2) [demonic ancestry]
   249 | D:1      | Reached XP level 2. HP: 19/19 MP: 3/5
   801 | D:1      | You fall into a shaft and drop 1 floor!
   882 | D:2      | Identified the +1 war axe of the Several Invaders {drain,
                  | Drain rPois rCorr}
   928 | D:2      | Gained mutation: You sometimes gain a little power by
                  | taking damage. [demonic ancestry]
   928 | D:2      | Reached XP level 3. HP: 24/24 MP: 1/7
  1429 | D:1      | Learned a level 2 spell: Searing Ray
  1634 | D:1      | Found Nisuidiu's Magic Scroll Shoppe.
  2281 | D:2      | Reached XP level 4. HP: 30/30 MP: 3/8
  2330 | D:2      | Reached skill level 5 in Conjurations
  2619 | D:3      | Found a glowing drain.
  2624 | Sewer    | Entered a sewer
  2626 | Sewer    | Gained mutation: You have large cloven feet. [demonic
                  | ancestry]
  2626 | Sewer    | Reached XP level 5. HP: 26/35 MP: 7/10
  2935 | Sewer    | Reached skill level 6 in Conjurations
  2935 | Sewer    | Reached XP level 6. HP: 21/41 MP: 4/12
  3239 | D:3      | Found a runed translucent door.
  3240 | D:3      | Noticed Crazy Yiuf
  3545 | D:3      | Killed Crazy Yiuf
  3879 | D:4      | Reached skill level 1 in Fighting
  4444 | D:4      | Learned a level 5 spell: Freezing Cloud
  4519 | D:4      | Reached skill level 5 in Spellcasting
  4519 | D:4      | Gained mutation: You are partially covered in sharp spines.
                  | [demonic ancestry]
  4519 | D:4      | Reached XP level 7. HP: 41/50 MP: 8/14
  4641 | D:5      | Entered Level 5 of the Dungeon
  4661 | D:5      | Noticed Edmund
  4675 | D:5      | Succumbed to Edmund's poison

Illustrated notes

Levels and vault maps discovered:
D:1:      ncdulo_smallfort, layout_loops_ring, serial_shops, shop
D:2:      layout_basic
D:3:      layout_basic, gup_sewer_entry_bowl, uniq_crazy_yiuf_cottage
D:4:      layout_basic, saegor_snake_ambush
D:5:      layout_loops_cross, chequers_temple_overflow_statue_of_worship,
          serial_rivers, chequers_serial_rivers_micro_a,
          chequers_serial_rivers_room_a, chequers_serial_rivers_small_3,
          chequers_serial_rivers_small_b, kb_lookout_dungeons_type,
          uniq_grinder, uniq_edmund

Skill      XL: |  1  2  3  4  5  6 |
---------------+-------------------+-----
Spellcasting   | 3 4 5 |  5.0
Conjurations   | 5 6 |  6.4
Fighting       | 2 |  2.1
Dodging        | |  1.7
Stealth        | |  1.7

Action                     |  1- 3 |  4- 6 |  7- 9 || total
---------------------------+-------+-------+-------++-------
  Melee: Spear             |    24 |    16 |       ||    40
         Kick              |       |     1 |       ||     1
   Cast: Magic Dart        |    84 |   137 |       ||   221
         Searing Ray       |     1 |    16 |       ||    17
    Use: Scroll            |       |     4 |       ||     4
 Armour: Robe              |    23 |    31 |     3 ||    57
  Dodge: Dodged            |    27 |    61 |     4 ||    92

Table legend: (Time is in decaauts)
 A = Elapsed time spent in this place.
 B = Non-inter-level travel time spent in this place.
 C = Inter-level travel time spent in this place.
 D = Time resting spent in this place.
 E = Time spent auto-exploring this place.
 F = Levels seen in this place.
 G = Mean time per level.
                   A        B        C        D        E       F      G
               +--------+--------+--------+--------+--------+-----+--------+
         Total |   4753 |   4561 |    192 |      0 |   3905 |   6 |  792.2 |
       Dungeon |   4279 |   4087 |    192 |      0 |   3564 |   5 |  855.8 |
         Sewer |    474 |    474 |      0 |      0 |    341 |   1 |  474.0 |
               +--------+--------+--------+--------+--------+-----+--------+

Top non-repeatable levels by time:
     D:1: 1403 daAuts
     D:2: 1063 daAuts
     D:4: 1048 daAuts
     D:3: 729 daAuts
   Sewer: 474 daAuts
     D:5: 34 daAuts
